 Dungeon Crawl Stone Soup version 0.28.0-43-g3370ac3207 (webtiles) character file.

Game seed: 3280478803339185008

21 smarlow the Magician (level 3, 0/25 HPs)
             Began as a Djinni Fire Elementalist on Mar 6, 2022.
             Slain by a quokka (2 damage)
             ... on level 2 of the Dungeon.
             The game lasted 00:01:28 (1447 turns).

smarlow the Magician (Djinni Fire Elementalist)     Turns: 1447, Time: 00:01:29

Health: 0/25       AC:  2    Str:  7    XL:     3   Next: 2%
Gold:   41         EV: 12    Int: 18    God:
                   SH:  0    Dex: 13

rFire   + + .      SeeInvis .   (no weapon)
rCold   x . .      Faith    .   (no shield)
rNeg    . . .      Spirit   .   a - +0 robe
rPois   ∞          Reflect  .   (no helmet)
rElec   .          Harm     .   (no cloak)
rCorr   .          Rampage  .   (no gloves)
Will    .....                   (boots unavailable)
Stlth   ++........              (no amulet)
HPRegen 0.08/turn               (no ring)
MPRegen 0.00/turn               (no ring)

@: flying
A: sickness immunity, fire resistance 2, cold vulnerability 1, float, innate
caster, HP casting, extra vitality 1
a: no special abilities


You were on level 2 of the Dungeon.
You visited 1 branch of the dungeon, and saw 2 of its levels.

You collected 41 gold pieces.

Inventory:

Armour
 a - a +0 robe (worn)
Scrolls
 c - a scroll of blinking {unknown}
 d - 2 scrolls of magic mapping {unknown}
Potions
 b - 2 potions of brilliance {unknown}
 e - a potion of cancellation {unknown}


   Skills:
 + Level 2.4 Dodging
 - Level 1.5 Stealth
 + Level 3.0 Spellcasting


You couldn't memorise any spells.
You knew the following spells:

 Your Spells              Type           Power      Damage    Failure   Level
a - Foxfire               Conj/Fire      52%        2x1d6     4%          1
b - Scorch                Fire           26%        2d6       7%          2
c - Conjure Flame         Conj/Fire      13%        6-21      14%         3
d - Inner Flame           Hex/Fire       13%        N/A       14%         3
e - Flame Wave            Conj/Fire      13%        2d6       41%         4
f - Shock                 Conj/Air       52%        1d6       4%          1
Your spell library was empty.

Dungeon Overview and Level Annotations

Branches:
Dungeon (2/15)

Altars:


Innate Abilities, Weirdness & Mutations

You are immune to sickness and miasma.
You are immune to poison.
Your flesh is very heat resistant. (rF++)
You are vulnerable to cold. (rC-)
You float through the air rather than walking.
You learn spells naturally, not from books.
Your magical power is your life essence.
You have superior vitality. (+4 MHP)


Message History

You kill the goblin!
You hear an angry hiss.
The kobold closely misses you.
Flames lash the kobold.
You kill the kobold!
An adder comes into view.
Flames lash the adder.
The adder hisses angrily.
The adder is severely wounded.
The adder's fire resistance burns away.
The adder bites you.
A quokka comes into view.
You are too injured to fight recklessly!
Casting: Scorch (safe; 8% risk of failure)
Press: ? - help, Q - select action, (/) - cycle Dir - look around, f - activate Flames lash the quokka.
You kill the quokka!
* * * LOW HITPOINT WARNING * * *
The adder bites you.
* * * LOW HITPOINT WARNING * * *
A quokka comes into view.
You have reached level 3!
Your experience leads to an increase in your attributes!
Increase (S)trength, (I)ntelligence, or (D)exterity?
You feel clever. x2
The power to cast Shock wells up from within.
Spell assigned to 'f'.
You don't have enough health to cast this spell.
You don't have enough health to cast this spell.
The adder closely misses you.
There is a stone staircase leading up here.
You see here a bat corpse.
The adder closely misses you.
The adder is no longer more vulnerable to fire.
A ball python comes into view.
The ball python hisses angrily.
The adder closely misses you. The adder barely misses you.
The adder barely misses you. The quokka bites you.
You die...

##.#. ###. .#. . ..
... .... #.#.
#.#...... #
#.#.##.#..##.# .#
......#..##.##.###
#......>.........
#..#.#..#..#...
#.SS@........
#..#r#..#..# #
#.#..#.#..#<.#.###
#........r...)...#
#........†#..#.###
#.........#..)...
............#..#.###
###................
#............#....


You could see an adder, a quokka and a ball python.

Vanquished Creatures
  3 ball pythons
  2 bats
  An endoplasm (D:1)
  3 goblins
  2 hobgoblins (D:1)
  2 quokkas
  2 frilled lizards (D:1)
  3 kobolds
18 creatures vanquished.

Vanquished Creatures (others)
  17 foxfires (D:1)
17 creatures vanquished.

Grand Total: 35 creatures vanquished

Notes
Turn   | Place    | Note
-------+----------+-------------------------------------------
     0 | D:1      | smarlow the Djinni Fire Elementalist began the quest for
                  | the Orb.
     0 | D:1      | Reached XP level 1. HP: 15/15 MP: 0/0
   457 | D:1      | Reached XP level 2. HP: 20/21 MP: 0/0
   870 | D:1      | Reached skill level 3 in Spellcasting
  1119 | D:1      | Found a faded altar of an unknown god.
  1435 | D:2      | HP: 1/21 [adder (4)]
  1436 | D:2      | Reached XP level 3. HP: 1/25 MP: 0/0
  1436 | D:2      | Learned a level 1 spell: Shock
  1447 | D:2      | Slain by a quokka

Illustrated notes

Levels and vault maps discovered:
D:1:      dpeg_arrival_another_circle, layout_basic,
          shapermc_ecumenical_altar_mp_highgroup
D:2:      layout_basic, basic_altar, uniq_sigmund

Skill      XL: |  1  2 |
---------------+-------+-----
Spellcasting   | 3 |  3.0
Dodging        | |  2.4
Stealth        | |  1.5

Action                   || total
-------------------------++-------
Melee: Unarmed           ||     1
 Cast: Foxfire           ||    11
       Scorch            ||    14
Armor: Robe              ||     1
Dodge: Dodged            ||    14
